 Dungeon Crawl Stone Soup version 0.31-a0-662-g684573625c (webtiles) character file.

Game seed: 8837539857885564545

37 KittenThatBark the Changeling (level 3, 0/31 HPs)
             Began as a Naga Shapeshifter on Sept 1, 2023.
             Slain by a gnoll
             ... wielding a +0 flail
              (11 damage)
             ... on level 4 of the Dungeon.
             The game lasted 00:18:53 (1524 turns).

KittenThatBark the Changeling (Naga Shapeshifter)   Turns: 1524, Time: 00:18:54

Health: 0/31       AC:  2    Str: 16    XL:     3   Next: 41%
Magic:  3/3        EV: 10    Int: 10    God:
Gold:   98         SH:  0    Dex: 12    Spells: 2/2 levels left

rFire   . . .        e - +0 dagger
rCold   . . .        (no shield)
rNeg    . . .        a - +0 animal skin
rPois   +            (helmet currently unavailable)
rElec   .            (cloak currently unavailable)
rCorr   .            (gloves currently unavailable)
SInv    +            (no barding)
Will    .....        (no amulet)
Stlth   ++           (no ring)
HPRegen 0.25/turn    (no ring)
MPRegen 0.08/turn

%: no passive effects
@: beast-form, very slow
A: beast (slay +2), AC +1, large, see invisible, deformed body, poison
resistance, slowness 2, spit poison 1, naga tail 1
a: Spit Poison, Begin Untransformation


You were on level 4 of the Dungeon.
You were a hulking beast.
You visited 1 branch of the dungeon, and saw 4 of its levels.

You collected 98 gold pieces.

Inventory:

Hand Weapons
 e - a +0 dagger (weapon)
 f - a +0 hand axe
 h - a +0 mace
Missiles
 n - 10 stones
Armour
 a - a +0 animal skin (worn)
 g - a +0 robe
Talismans
 c - a beast talisman (active)
 d - a flux talisman
Scrolls
 i - 3 scrolls of identify {unknown}
 k - a scroll of silence {unknown}
 l - a scroll of butterflies {unknown}
 m - a scroll of noise {unknown}
 o - a scroll of blinking {unknown}
Potions
 b - a potion of lignification
 j - a potion of ambrosia {unknown}
 p - a potion of brilliance {unknown}
 q - a potion of resistance {unknown}


   Skills:
 + Level 1.2 Fighting
 + Level 0.7 Short Blades
 + Level 1.7 Dodging
 + Level 1.1 Stealth
 + Level 3.3 Unarmed Combat
 + Level 3.5 Shapeshifting


You had 2 spell levels left.
You didn't know any spells.
Your spell library contained the following spells:

 Spells                   Type           Power      Damage    Failure   Level
 Foxfire                  Conj/Fire      0%         2x1d4     36%         1
 Shock                    Conj/Air       0%         1d3       36%         1
 Sublimation of Blood     Necr           0%         N/A       50%         2
 Mephitic Cloud           Conj/Pois/Air  0%         N/A       75%         3
 Volatile Blastmotes      Fire/Tloc      0%         2d10      75%         3
 Fulminant Prism          Conj/Hex       0%         3d5       98%         4
 Iskenderun's Mystic Bla  Conj/Tloc      0%         2d3       98%         4
 Petrify                  Tmut/Erth      0%         N/A       98%         4
 Freezing Cloud           Conj/Ice/Air   0%         6-21      100%        5
 Irradiate                Conj/Tmut      0%         3d11      100%        5


Dungeon Overview and Level Annotations

Branches:
Dungeon (4/15)
 Temple: D:4-7

Altars:
Fedhas
Makhleb


Innate Abilities, Weirdness & Mutations

You are a hulking beast.
Your limbs bulge with bestial killing power. (Slay +2)
Your serpentine skin is tough. (AC +1)
You have supernaturally acute eyesight. (SInv)
Armour fits poorly on your strangely shaped body.
Your system is resistant to poisons. (rPois)
You cover ground very slowly.
You can spit poison.
You have a snake-like lower body.


Message History

The hobgoblin hits you.
You hit the hobgoblin.
The hobgoblin is heavily wounded.
The hobgoblin misses you.
You hit the hobgoblin.
You kill the hobgoblin!
Found a stone staircase leading down.
A gnoll comes into view. It is wielding a +0 spear.
A gnoll comes into view. It is wielding a +0 flail.
Aiming: Spit Poison (2% risk of failure)
Press: ? - help, Q - select action, (/) - cycle Shift-Dir - straight line, f - gnoll
Aim: a gnoll, wielding a +0 spear (65% to hit)
The splash of poison hits the gnoll.
The gnoll is poisoned.
The gnoll is lightly wounded.
The gnoll hits you from afar with a +0 spear!
You can't do that yet.
The gnoll hits you from afar with a +0 spear.
You have got your breath back.
Aiming: Spit Poison (2% risk of failure)
Press: ? - help, Q - select action, (/) - cycle Shift-Dir - straight line, f/p - gnoll
Aim: a gnoll, wielding a +0 spear (moderately wounded, poisoned, 65% to hit)
The splash of poison hits the gnoll but does no damage.
The gnoll looks even sicker.
The gnoll is moderately wounded.
The gnoll barely misses you.
A gnoll comes into view. It is wielding a +0 whip.
You have got your breath back.
The gnoll shouts!
You hear a shout!
Aiming: Spit Poison (2% risk of failure)
Press: ? - help, Q - select action, (/) - cycle Shift-Dir - straight line, f/p - gnoll
Aim: a gnoll, wielding a +0 spear (almost dead, poisoned, 65% to hit)
The splash of poison hits the gnoll.
The gnoll looks even sicker.
You kill the gnoll!
You closely miss the gnoll. The gnoll hits you with a +0 whip.
You can't do that yet.
You hit the gnoll.
The gnoll is moderately wounded.
You have got your breath back.
The gnoll hits you with a +0 whip. The gnoll hits you with a +0 flail!
You die...

#..##....# ....
#..##....#.(... ###
....+....'..... ..#
##'##....# # #.#
......####.# #.######
...........# #.......
....###.#### #.....
....###..>#######..#
........#.......hg.#
........#....._.g..# #
###.....#.......#)## g..
##########..#####.##...##
.# ##.# #...'...'. .#
#...>....#...## .#
..##.##........ .# ####.
##.##...# <# . .# ..#


You could see 2 gnolls.

Vanquished Creatures
  A gnoll (D:4)
  A dart slug (D:2)
  An orc (D:3)
  2 ball pythons (D:3)
  An endoplasm (D:2)
  3 giant cockroaches
  4 goblins
  4 hobgoblins
  A quokka (D:2)
  A kobold (D:4)
  2 rats
21 creatures vanquished.

Notes
Turn   | Place    | Note
-------+----------+-------------------------------------------
     0 | D:1      | KittenThatBark the Naga Shapeshifter began the quest for
                  | the Orb.
     0 | D:1      | Reached XP level 1. HP: 18/18 MP: 1/1
   231 | D:1      | Found a faded altar of an unknown god.
   556 | D:2      | Reached XP level 2. HP: 15/25 MP: 2/2
  1342 | D:4      | Found a blossoming altar of Fedhas.
  1376 | D:4      | Reached XP level 3. HP: 19/31 MP: 3/3
  1392 | D:4      | Got the Encyclopedia of the Volley
  1447 | D:4      | Reached skill level 1 in Stealth
  1488 | D:4      | Found a burning altar of Makhleb.
  1524 | D:4      | Slain by a gnoll

Illustrated notes

Levels and vault maps discovered:
D:1:      dpeg_arrival_round_a, layout_basic,
          hellmonk_ecumenical_altar_arch_garden, minmay_misc_feat_diagonals
D:2:      layout_loops_corners, minmay_crystal_room
D:3:      layout_rooms, feat_on_display
D:4:      layout_basic, fedhas_altar_2, bloody_makhleb,
          minmay_temple_entry_enclosed_plants, minmay_misc_feat_iff, uniq_pikel

Skill      XL: |  1  2  3 |
---------------+----------+-----
Stealth        | 1 |  1.1
Fighting       | |  1.2
Short Blades   | |  0.7
Dodging        | |  1.7
Unarmed Combat | |  3.3
Shapeshifting  | |  3.5

Action                     || total
---------------------------++-------
  Melee: Dagger            ||    43
         Unarmed           ||     2
Ability: Spit Poison       ||    18
 Armour: Animal skin       ||    43
  Dodge: Dodged            ||    26

Table legend: (Time is in decaauts)
 A = Elapsed time spent in this place.
 B = Non-inter-level travel time spent in this place.
 C = Inter-level travel time spent in this place.
 D = Time resting spent in this place.
 E = Time spent auto-exploring this place.
 F = Levels seen in this place.
 G = Mean time per level.
                   A        B        C        D        E       F      G
               +--------+--------+--------+--------+--------+-----+--------+
         Total |   2084 |   2084 |      0 |      0 |      0 |   4 |  521.0 |
       Dungeon |   2084 |   2084 |      0 |      0 |      0 |   4 |  521.0 |
               +--------+--------+--------+--------+--------+-----+--------+

Top non-repeatable levels by time:
     D:2: 1019 daAuts
     D:1: 464 daAuts
     D:4: 320 daAuts
     D:3: 279 daAuts
